 Dungeon Crawl Stone Soup version 0.31.0-11-ge490571c62 (webtiles) character file.

Game seed: 14603346076108345360

54 Chiseanne the Cutter (level 3, -2/27 HPs)
             Began as a Demonspawn Wanderer on Feb 9, 2024.
             Killed by nerve-wracking pain
             ... invoked by an orc priest
              (14 damage)
             ... on level 3 of the Dungeon.
             The game lasted 00:02:55 (1350 turns).

Chiseanne the Cutter (Demonspawn Wanderer)          Turns: 1350, Time: 00:02:56

Health: -2/27      AC: 12    Str: 11    XL:     3   Next: 66%
Magic:  4/4        EV: 10    Int: 14    God:
Gold:   163        SH:  0    Dex: 13    Spells: 4/4 levels left

rFire   . . .        a - +4 short sword
rCold   . . .        (no shield)
rNeg    . . .        p - +1 ring mail
rPois   .            (no helmet)
rElec   .            (no cloak)
rCorr   .            (no gloves)
SInv    .            (no boots)
Will    .....        (no amulet)
Stlth   +            (no ring)
HPRegen 0.24/turn    (no ring)
MPRegen 0.09/turn

%: no passive effects
@: sanguine armoured
A: powered by death 1, sanguine armour 1
a: no special abilities


You were on level 3 of the Dungeon.
You visited 1 branch of the dungeon, and saw 3 of its levels.

You collected 163 gold pieces.

Inventory:

Hand Weapons
 a - a +4 short sword (weapon)
Missiles
 d - 20 stones (quivered)
Armour
 p - a +1 ring mail (worn)
Magical Staves
 h - a staff of conjuration
 k - a staff of cold
Jewellery
 f - a ring of ice
Potions
 b - a potion of heal wounds
 g - a potion of lignification {unknown}
 i - a potion of berserk rage {unknown}
 j - a potion of might {unknown}
 l - 2 potions of magic
 n - a potion of haste {unknown}


   Skills:
 * Level 2.2 Fighting
 - Level 3.6 Short Blades
 * Level 2.0 Armour
 * Level 1.5 Dodging
 - Level 1.0 Spellcasting
 - Level 2.0 Hexes
 - Level 1.0 Evocations


You had 4 spell levels left.
You didn't know any spells.
Your spell library contained the following spells:

 Spells                   Type           Power      Damage    Failure   Level
 Jinxbite                 Hex            12%        N/A       38%         2
 Apportation              Tloc           0%         N/A       52%         1
 Magic Dart               Conj           0%         1d3       52%         1
 Necrotise                Necr           0%         1d4       52%         1
 Sting                    Conj/Alch      0%         1d3       52%         1
 Summon Small Mammal      Summ           0%         N/A       52%         1
 Ensorcelled Hibernation  Hex/Ice        6%         N/A       52%         2
 Blink                    Tloc           0%         N/A       67%         2
 Call Imp                 Summ           0%         N/A       67%         2


Dungeon Overview and Level Annotations

Branches:
Dungeon (3/15)

Altars:

Shops:
D:2 [


Innate Abilities, Weirdness & Mutations

You regenerate a little health from kills.
When seriously injured, your blood forms armour. (AC +6)


Message History

You hit the endoplasm.
The endoplasm is heavily wounded.
The endoplasm closely misses you.
You hit the endoplasm.
The endoplasm is almost dead.
The endoplasm hits you but does no damage.
You hit the endoplasm.
You kill the endoplasm!
You barely miss the orc priest.
The orc priest hits you with a +0 flail.
You hit the orc priest.
The orc priest is lightly wounded.
The orc priest hits you but does no damage.
You hit the orc priest but do no damage.
The orc priest is lightly wounded.
The orc priest hits you with a +0 flail.
You hit the orc priest but do no damage.
The orc priest is lightly wounded.
The orc priest misses you.
You hit the orc priest.
The orc priest is moderately wounded.
The orc priest hits you with a +0 flail.
You barely miss the orc priest.
The orc priest is moderately wounded.
You barely miss the orc priest.
The orc priest is moderately wounded.
The orc priest hits you with a +0 flail!
Your blood congeals into armour.
You hit the orc priest.
The orc priest is severely wounded.
The orc priest hits you but does no damage.
You closely miss the orc priest.
The orc priest is severely wounded.
The orc priest hits you but does no damage.
You hit the orc priest.
The orc priest is almost dead.
The orc priest mumbles some strange prayers to Beogh against you.
Pain shoots through your body!
Ouch! That really hurt!
You die...

###
....o############
.........o......#
o....J#########o#
...>. #.......@.#
.... #...####..#
... #...# #...#
.# #...###...#
#.....<...#
#.........#
#........##
##########


You could see an orc priest.

Vanquished Creatures
  A dart slug (D:1)
  2 ribbon worms (D:2)
  An orc (D:3)
  6 bats
  5 endoplasms
  A giant cockroach (D:1)
  7 goblins
  2 hobgoblins
  3 quokkas (D:2)
  3 ball pythons
  5 frilled lizards
  4 kobolds
  3 rats (D:1)
43 creatures vanquished.

Notes
Turn   | Place    | Note
-------+----------+-------------------------------------------
     0 | D:1      | Chiseanne the Demonspawn Wanderer began the quest for the
                  | Orb.
     0 | D:1      | Chiseanne set off with the following items: a +3 short
                  | sword, a potion of heal wounds, a +0 robe; and the
                  | following spells available to memorise: Jinxbite,
                  | Ensorcelled Hibernation.
     0 | D:1      | Reached XP level 1. HP: 15/15 MP: 2/2
    94 | D:1      | Gained mutation: You regenerate a little health from kills.
                  | [demonic ancestry]
    94 | D:1      | Reached XP level 2. HP: 7/21 MP: 3/3
   306 | D:1      | Reached skill level 1 in Dodging
   517 | D:1      | Gained mutation: When seriously injured, your blood forms
                  | armour. (AC +6) [demonic ancestry]
   517 | D:1      | Reached XP level 3. HP: 26/27 MP: 4/4
   884 | D:2      | Found Otejup's Armour Shoppe.
  1350 | D:3      | Killed from afar by an orc priest

Illustrated notes

Levels and vault maps discovered:
D:1:      wander_arrival_peaceful_grave, layout_loops_ring, st_stairs_9,
          nicolae_kite_square_tiling_tiny
D:2:      layout_rooms, serial_shops, shop, minmay_pentomino_s2
D:3:      layout_basic, minitemple, serial_shops, shop, shop_fountains,
          nicolae_shop_rolled_up, hellmonk_ecumenical_altar_blasted

Skill      XL: |  1  2  3 |
---------------+----------+-----
Dodging        | 1 |  1.5
Fighting       | 2 |  2.2
Armour         | 2 |  2.0
Short Blades   | |  3.6
Spellcasting   | |  1.0
Hexes          | |  2.0
Evocations     | |  1.0

Action                     || total
---------------------------++-------
  Melee: Short sword       ||   155
         Punch             ||     2
    Use: Scroll            ||     8
 Armour: Robe              ||    61
         Ring mail         ||    16
  Dodge: Dodged            ||    72
